 Dungeon Crawl Stone Soup version 0.25-a0-362-g90ccd6aac3 (console) character file.

Game seed: 4479443038228120865, levelgen mode: deterministic

206 Kagalorn the Bolt Thrower (level 5, -3/44 HPs)
             Began as a Naga Arcane Marksman on Jan 4, 2020.
             Slain by Edmund
             ... wielding a +4 flail of holy wrath
              (8 damage)
             ... on level 4 of the Dungeon.
             The game lasted 00:10:58 (4033 turns).

Kagalorn the Bolt Thrower (Naga Arcane Marksman)    Turns: 4033, Time: 00:10:59

Health: -3/44      AC:  5    Str: 13    XL:     5   Next: 84%
Magic:  6/6        EV:  8    Int: 14    God:
Gold:   132        SH:  0    Dex: 11    Spells: 5/6 levels left

rFire    . . .     SeeInvis +   b - +0 spear
rCold    . . .     Gourm    .   (no shield)
rNeg     . . .     Faith    .   u - +0 ring mail
rPois    +         Spirit   .   (no helmet)
rElec    .         Reflect  .   (no cloak)
rCorr    .         Harm     .   g - +0 pair of gloves
MR       .....                  (no barding)
Stlth    +.........             (no amulet)
HPRegen  0.14/turn              (no ring)
MPRegen  0.10/turn              (no ring)

@: very slow
A: large, see invisible, deformed body, poison resistance, slowness 2, slow
metabolism 1, spit poison 1, AC +1
a: Spit Poison


You were on level 4 of the Dungeon.
You were not hungry.

You visited 1 branch of the dungeon, and saw 4 of its levels.

You collected 132 gold pieces.

Inventory:

Hand Weapons
 a - a +0 hand crossbow
 b - a +0 spear (weapon)
Missiles
 d - 31 bolts
 k - 45 arrows
 s - 24 poisoned darts (quivered)
Armour
 g - a +0 pair of gloves (worn)
 u - a +0 ring mail (worn)
Jewellery
 n - a cursed -2 ring of intelligence {unknown}
Wands
 e - a wand of paralysis (2)
Scrolls
 h - 2 scrolls of enchant weapon {unknown}
 j - a scroll of magic mapping {unknown}
 l - a scroll of enchant armour {unknown}
 m - a scroll of immolation {unknown}
 p - a scroll of blinking {unknown}
 r - 2 scrolls of remove curse {unknown}
 t - 2 scrolls of teleportation {unknown}
 v - 2 scrolls of identify {unknown}
Potions
 c - 6 potions of curing {unknown}
 i - a potion of lignification {unknown}
Comestibles
 f - 9 rations
 q - 3 chunks of flesh


   Skills:
 - Level 1.0 Fighting
 * Level 5.3 Crossbows
 - Level 1.5 Dodging
 - Level 1.0 Spellcasting
 - Level 3.0 Hexes


You had 5 spell levels left.
You knew the following spells:

 Your Spells              Type           Power        Failure   Level  Hunger
a - Corona                Hex            #......      17%         1    ##.....

Your spell library contained the following spells:

 Spells                   Type           Power        Failure   Level  Hunger
 Slow                     Hex            #.......     26%         2    ###....
 Inner Flame              Hex/Fire       #.......     67%         3    ####...
 Portal Projectile        Hex/Tloc       #.....       67%         3    ####...
 Cause Fear               Hex            #.........   86%         4    #####..
 Leda's Liquefaction      Hex/Erth       #.........   97%         4    #####..


Dungeon Overview and Level Annotations

Branches:
Dungeon (4/15)
 Temple: D:4-7

Altars:
Gozag
Kikubaaqudgha
Ru

Annotations:
D:4 Edmund


Innate Abilities, Weirdness & Mutations

You cannot wear boots.
Your serpentine skin is tough. (AC +1)
You have supernaturally acute eyesight. (SInv)
Armour fits poorly on your strangely shaped body.
Your system is resistant to poisons. (rPois)
You cover ground very slowly.
You have a slow metabolism.
You can spit poison.


Message History

Edmund is almost dead.
The now-empty wand crumbles to dust.
Edmund says, "People accused me of being a cutpurse!"
Edmund hits you with a +4 flail of holy wrath!
* * * LOW HITPOINT WARNING * * *
The leopard gecko barely misses you.
Evoke which item? (* to show all) (? for menu, Esc to quit)
Okay, then.
You hit Edmund but do no damage.
Edmund is almost dead.
Edmund hits you but does no damage.
The leopard gecko bites you but does no damage.
You closely miss Edmund.
Edmund is almost dead.
The leopard gecko barely misses you. Edmund barely misses you.
You closely miss Edmund.
Edmund is almost dead.
The leopard gecko barely misses you.
Edmund hits you with a +4 flail of holy wrath!
You die...

###...# .# #.....#
#.#### #....# ......
#...##......
#####...........
##............##.
#................
#..##l@......#.
#...@.......# ####
#.............
##..#####...........
#.....##..........##..
##....................
#...................#
##.......#.........#
###....###.........#
#.......###........


You could see Edmund and a leopard gecko.

Vanquished Creatures
  An ogre (D:3)
  A worker ant (D:4)
  An adder (D:2)
  2 worms (D:2)
  6 leopard geckos
  6 orcs
  4 ball pythons
  8 bats
  3 giant cockroaches
  11 goblins
  10 hobgoblins
  2 jackals (D:2)
  3 kobolds (D:1)
  4 quokkas
  2 frilled lizards (D:1)
  13 rats
77 creatures vanquished.

Notes
Turn   | Place    | Note
-------+----------+-------------------------------------------
     0 | D:1      | Kagalorn the Naga Arcane Marksman began the quest for the
                  | Orb.
     0 | D:1      | Reached XP level 1. HP: 18/18 MP: 2/2
     4 | D:1      | Reached skill level 2 in Crossbows
   137 | D:1      | Reached XP level 2. HP: 5/25 MP: 3/3
   801 | D:1      | Reached skill level 3 in Crossbows
   951 | D:1      | Reached XP level 3. HP: 26/31 MP: 4/4
  2326 | D:2      | Reached XP level 4. HP: 21/38 MP: 5/5
  2391 | D:2      | Reached skill level 4 in Crossbows
  2973 | D:3      | Noticed an ogre
  2978 | D:3      | Killed an ogre
  2978 | D:3      | Reached XP level 5. HP: 44/44 MP: 6/6
  3138 | D:3      | Reached skill level 5 in Crossbows
  3456 | D:3      | Found an ancient bone altar of Kikubaaqudgha.
  3457 | D:3      | Found an opulent altar of Gozag.
  3459 | D:3      | Found a sacrificial altar of Ru.
  3635 | D:4      | Noticed Edmund
  4033 | D:4      | Slain by Edmund

Levels and vault maps discovered:
D:1:      minmay_arrival_radiant_lines, layout_loops_corners,
          chequers_serial_rivers_small_3, minmay_shallow_snake_nest
D:2:      layout_basic, minmay_pentomino_w2
D:3:      layout_basic, gammafunk_temple_overflow_forgotten, first_ration,
          bh_walls_and_bars
D:4:      layout_cave_pools, uniq_edmund

Skill      XL: |  1  2  3  4  5 |
---------------+----------------+-----
Crossbows      | 2 3 4 5 |  5.3
Fighting       | |  1.0
Dodging        | |  1.5
Spellcasting   | |  1.0
Hexes          | |  3.0

Action                   |  1- 3 |  4- 6 || total
-------------------------+-------+-------++-------
Melee: Short sword       |    86 |       ||    86
       Spear             |    84 |   152 ||   236
 Fire: Hand crossbow     |    18 |     3 ||    21
Throw: Dart              |       |    11 ||    11
Evoke: Wand              |       |     6 ||     6
 Stab: Sleeping          |     1 |       ||     1
       Paralysed         |       |    26 ||    26
  Eat: Chunk             |     3 |     5 ||     8
Armor: Robe              |    41 |    19 ||    60
       Ring mail         |       |    53 ||    53
Dodge: Dodged            |   108 |    73 ||   181

Table legend:
 A = Non-vault XP
 B = Vault XP
 C = Vault XP percentage of total XP
 D = Non-vault monster count
 E = Vault monster count
 F = Vault count percentage of total count
                 A         B        C        D         E       F
            +---------+---------+-------+---------+---------+-------
      Total |     287 |       8 |   2.7 |      74 |       3 |   3.9
            +---------+---------+-------+---------+---------+-------
        D:1 |      39 |       3 |   7.1 |      23 |       2 |   8.0
        D:2 |      58 |       5 |   7.9 |      24 |       1 |   4.0
        D:3 |     154 |       0 |   0.0 |      25 |       0 |   0.0
        D:4 |      36 |       0 |   0.0 |       2 |       0 |   0.0
            +---------+---------+-------+---------+---------+-------
